AoeStats
← OVERHAUL

Arena

510231018Analyzed
3v3 RM · 3d ago on Sep 30, 2026· 20m 0s· 6 players
Game mode
Random Map
Map size
Normal (6 player)
Population
200
Speed
Normal
Resources
Standard
Victory
Conquest
Starting age
Dark Age
Ending age
Imperial Age
RankedLock teamsTeams togetherTeam positionsShared explorationLock speedFull tech treeHidden civsTurbo modeCheats
Victory
Defeat
🇨🇱 Franks · Chile
777
+14
🇨🇱 Portuguese · Chile
690
+18
🇨🇱 Aztecs · Chile
690
+18
🇧🇷 Poles · Brazil
795
-51
🇧🇷 Burgundians · Brazil
716
-16
🇧🇷 Jurchens · Brazil
684
-15
turcó
5:55 Loom
10:44 Feudal Age
15:15 Castle Age
20:49 Forging
dErG
11:34 Feudal Age
16:47 Castle Age
14:39 Double-Bit Axe
15:03 Horse Collar
16:46 Stone Mining
16:50 Gold Mining
OVERHAUL
10:34 Feudal Age
11:16 Double-Bit Axe
20:23 Castle Age
19:50 Gold Mining
Ze taboca5485
11:41 Feudal Age
14:45 Wheelbarrow
13:56 Loom
18:35 Castle Age
17:49 Double-Bit Axe
17:57 Gold Mining
halou157
12:20 Feudal Age
12:48 Double-Bit Axe
17:28 Castle Age
19:07 Bow Saw
TokyoTV4173
14:26 Feudal Age
13:22 Loom
14:51 Horse Collar
15:00 Double-Bit Axe
16:02 Wheelbarrow
Connection lost

Rejoining the realm…

Still unreachable

The connection could not be restored.

Session expired

The server has moved on; the page needs a fresh start.